 Dungeon Crawl Stone Soup version bcrawl-1.40.2 (webtiles) character file.

Game seed: 3171413065346104974

245176 polpettosauro the Tainter (level 9, -13/69 HPs)
             Began as a Pale Draconian Venom Mage on Nov 14, 2023.
             Was a Believer of Sif Muna.
             Killed from afar by Harold (30 damage)
             ... with a bolt of fire
             ... on level 8 of the Dungeon.
             The game lasted 00:26:07 (8582 turns).

polpettosauro the Tainter (DrVM)                    Turns: 8582, Time: 00:26:08

Health: -13/69     AC: 11    Str: 10    XL:     9   Next: 77%
Magic:  3/17       EV: 13    Int: 20    God:    Sif Muna [**....]
Gold:   453        SH:  0    Dex: 18    Spells: 3/19 levels left

rFire    . . .     GDR:     29% C - +2 flail (holy)
rCold    . . .     SeeInvis .   (no shield)
rNeg     . . .     Gourm    .   (armour unavailable)
rPois    .         Faith    +   D - +0 hat
rElec    .         Spirit   .   (no cloak)
rCorr    .         Reflect  .   r - +0 pair of gloves
MR       .....                  (no boots)
Stlth    ++........             R - amulet of faith
HPRegen  0.21/turn              h - +3 ring of protection
MPRegen  0.15/turn              w - +7 ring of dexterity

@: radiating poison, slowed, very slow
A: breathe steam, unfitting armour, cold-blooded, AC +7
a: Breathe Steam, Divine Energy, Renounce Religion


You were on level 8 of the Dungeon.
You worshipped Sif Muna.
Sif Muna was pleased with you.
You were hungry.

You visited 2 branches of the dungeon, and saw 9 of its levels.

You collected 453 gold pieces.

Inventory:

Hand Weapons
 a - a +0 hunting sling
 c - a +0 dagger
 v - a +2 dagger of protection
 C - a +2 flail of holy wrath (weapon)
 L - the +4 dagger of Enweroko {venom, rC- MP+9 Str+7 Dex-2}
   (You took it off a crimson imp on level 7 of the Dungeon)

   It poisons the flesh of those it strikes.
   It affects your strength (+7).
   It affects your dexterity (-2).
   It makes you vulnerable to cold.
   It affects your magic capacity (+9).
 M - a +0 war axe of draining
Missiles
 k - 877 sling bullets
 F - 394 arrows
 N - a throwing net {=f}
Armour
 r - a +0 pair of gloves (worn)
 D - a +0 hat (worn)
Jewellery
 h - a +3 ring of protection (left hand)
 u - an uncursed ring of positive energy {unknown}
 w - a +7 ring of dexterity (right hand)
 E - a +2 ring of evasion {unknown}
 J - a cursed ring of teleportation {unknown}
 R - an amulet of faith (around neck)
Wands
 K - a wand of clouds (5)
 P - a wand of disintegration (10)
Scrolls
 d - a scroll of immolation {unknown}
 f - 2 scrolls of fog
 g - 8 scrolls of teleportation
 i - a scroll of identify
 l - 2 scrolls of remove curse
 n - a scroll of noise {unknown}
 s - a scroll of fear {unknown}
 x - 2 scrolls of amnesia {unknown}
 y - 3 scrolls of enchant weapon
 B - 2 scrolls of blinking
 G - a scroll of vulnerability {unknown}
 I - a scroll of torment {unknown}
 Q - a scroll of enchant armour {unknown}
Potions
 b - a potion of berserk rage
 j - a potion of brilliance
 m - a potion of lignification {unknown}
 o - 5 potions of might
 p - a potion of haste {unknown}
 q - 2 potions of curing
 t - 4 potions of flight {unknown}
 z - 2 potions of cancellation {unknown}
 A - 2 potions of ambrosia {unknown}
 H - a potion of resistance {unknown}
Comestibles
 e - 16 rations {!d}


   Skills:
 - Level 3.0 Fighting
 - Level 1.9 Dodging
 - Level 2.0 Stealth
 + Level 5.9 Spellcasting
 - Level 5.0 Conjurations
 - Level 3.0 Summonings
 - Level 10.0 Poison Magic
 - Level 5.0 Evocations


You had 3 spell levels left.
You knew the following spells:

 Your Spells              Type           Power        Failure   Level  Hunger
a - Sting                 Conj/Pois      ####         1%          1    None
b - Poisonous Vapours     Pois/Air       ####..       1%          2    None
c - Ignite Poison         Fire/Tmut/Pois ###.....     9%          3    ##.....
d - Olgreb's Toxic Radia  Pois           #####....    1%          4    ####...
e - Summon Scorpions      Summ/Pois      ####....     8%          4    ####...
f - Sticks to Snakes      Tmut           #.......     16%         2    None

Your spell library contained the following spells:

 Spells                   Type           Power        Failure   Level  Hunger
 Magic Dart               Conj           ####         1%          1    None
 Searing Ray              Conj           ####....     1%          2    None
 Iskenderun's Mystic Bla  Conj           ####....     4%          3    ##.....
 Spider Form              Tmut/Pois      ###          4%          3    ##.....
 Beastly Appendage        Tmut           #.....       11%         1    None
 Passwall                 Tmut/Erth      #.......     16%         2    None
 Venom Bolt               Conj/Pois      #####.....   14%         5    ######.
 Fulminant Prism          Conj/Hex       ###.......   36%         4    ####...
 Ice Form                 Ice/Tmut       #.......     71%         4    ####...
 Irradiate                Conj/Tmut      ###.......   71%         5    ######.
 Blade Hands              Tmut           #.........   96%         5    ######.


Dungeon Overview and Level Annotations

Branches:
Dungeon (8/12)             Temple (1/1) D:6
   Lair: D:7-9          Orc: D:8-11

Altars:
Cheibriados
Dithmenos
Elyvilon
Fedhas
Gozag
Hepliaklqana
Kikubaaqudgha
Lugonu
Makhleb
Nemelex Xobeh
Okawaru
Qazlal
Ru
Sif Muna
Trog
Uskayaw
Vehumet
Wu Jian
Xom
Yredelemnul
Zin
The Shining One

Shops:
D:6 }   D:7 :

Portals:
Trove: D:8 (give +5 demon trident)

Annotations:
D:8 Harold


Innate Abilities, Weirdness & Mutations

You can breathe blasts of scalding, opaque steam.
Your pale cyan-grey scales are hard. (AC +7)
You cannot fit into any form of body armour.
You are cold-blooded and may be slowed by cold attacks.


Message History

Casting: Poisonous Vapours (safe; 1% risk of failure)
Confirm with . or Enter, or press ? or * to list all spells.
Okay, then.
Press: ? - help, Shift-Dir - straight line, f/p - Harold
Aim: Harold, wielding a +2 trident of freezing, wearing a +0 ring mail and wearing a +2 medium shield (severely wounded, poisoned)
You exhale a blast of scalding steam.
You feel somewhat more hungry.
Harold hits you from afar with a +2 trident of freezing.
* * * LOW HITPOINT WARNING * * *
You feel as though you will be slow longer.
Harold freezes you.
* * * LOW HITPOINT WARNING * * *
Your magical contamination has completely faded away.
You have got your breath back.
Casting: Poisonous Vapours (safe; 1% risk of failure)
Confirm with . or Enter, or press ? or * to list all spells.
You begin to radiate toxic energy.
You are feeling hungry.
Harold points at you and mumbles some strange words.
The bolt of fire hits you!!
You die...

#...# ##.# ##......#
###.# #..## ##.....#
#.# #...#######...##
#.####._....####....#
#...§...............#
#..###..##.......##.#
#..# #..##..###..##.###
#..###..##§#§#§........
#.....(..@§@.§......#..
######.###§##.#...#....
#.# #>...§........ #.#
#.....$....#..
#........$....
#........##...
.........%..%.#
##........#. .#
####.##...##


You could see Harold.

Vanquished Creatures
  Prince Ribbit (D:7)
  Grinder (D:6)
  A hornet (D:8)
  A steam dragon (D:8)
  Edmund (D:4)
  2 ice beasts
  3 sky beasts (D:4)
  A black bear (D:7)
  An ogre (D:7)
  A bullfrog (D:7)
  2 kobold brigands (D:7)
  A gnoll sergeant (D:7)
  A centaur (D:3)
  2 scorpions
  A wight (D:4)
  2 orc priests (D:7)
  3 crimson imps
  A bullfrog zombie (D:6)
  6 hounds
  A jelly (D:4)
  2 bullfrog skeletons
  3 orc wizards
  Natasha (thrice) (D:4)
  7 worker ants
  A killer bee zombie (D:8)
  2 hound zombies
  10 gnolls
  4 adders
  A shadow imp (D:6)
  An adder skeleton (D:4)
  An adder zombie (D:6)
  7 worms
  3 dart slugs (D:2)
  3 leopard geckos
  19 orcs
  A ball python (D:3)
  5 giant cockroaches
  6 goblins
  13 hobgoblins
  18 jackals
  17 kobolds
  3 quokkas
  6 bats
  5 frilled lizards
  A jackal skeleton (D:5)
  4 rats
179 creatures vanquished.

Vanquished Creatures (collateral kills)
  An ogre (D:6)
  A bullfrog (D:7)
  3 wights (D:7)
  A crimson imp (D:7)
  A shadow imp (D:7)
  A kobold (D:7)
8 creatures vanquished.

Grand Total: 187 creatures vanquished

Notes
Turn   | Place    | Note
-------+----------+-------------------------------------------
     0 | D:1      | polpettosauro the Draconian Venom Mage began the quest for
                  | the Orb.
     0 | D:1      | Reached XP level 1. HP: 14/14 MP: 3/3
   220 | D:1      | Reached XP level 2. HP: 22/22 MP: 5/5
   223 | D:1      | Learned a level 2 spell: Poisonous Vapours
   283 | D:1      | Reached skill level 1 in Fighting
   598 | D:1      | Reached XP level 3. HP: 29/29 MP: 6/6
   770 | D:1      | Learned a level 3 spell: Ignite Poison
  1025 | D:2      | Reached skill level 4 in Poison Magic
  1503 | D:2      | Reached XP level 4. HP: 13/36 MP: 7/7
  2499 | D:3      | Noticed a centaur
  2523 | D:3      | Killed a centaur
  2524 | D:3      | Reached skill level 5 in Poison Magic
  2524 | D:3      | Reached XP level 5. HP: 32/41 MP: 1/9
  3115 | D:4      | Reached XP level 6. HP: 48/48 MP: 1/12
  3162 | D:4      | Learned a level 4 spell: Olgreb's Toxic Radiance
  3434 | D:4      | Reached skill level 5 in Spellcasting
  3436 | D:4      | Noticed Natasha
  3462 | D:4      | Killed Natasha
  3553 | D:4      | Learned a level 4 spell: Summon Scorpions
  3724 | D:4      | Your scales start taking on a pale cyan-grey colour.
  3724 | D:4      | Reached XP level 7. HP: 57/57 MP: 7/14
  3770 | D:4      | Reached skill level 1 in Summonings
  3897 | D:4      | Reached skill level 6 in Poison Magic
  4062 | D:4      | Noticed Natasha
  4064 | D:4      | Killed Natasha
  4125 | D:4      | Noticed Edmund
  4157 | D:4      | Killed Edmund
  4158 | D:4      | Reached skill level 7 in Poison Magic
  4158 | D:4      | Reached XP level 8. HP: 63/63 MP: 1/15
  5084 | D:4      | Noticed Natasha
  5087 | D:4      | Killed Natasha
  5171 | D:5      | Entered Level 5 of the Dungeon
  5525 | D:5      | Reached skill level 1 in Evocations
  5945 | D:6      | Found Jobewn's Gadget Emporium.
  6393 | D:6      | Reached skill level 5 in Evocations
  6396 | D:6      | Learned a level 2 spell: Sticks to Snakes
  6584 | D:6      | Noticed Grinder
  6594 | D:6      | Killed Grinder
  6627 | D:6      | Found a staircase to the Ecumenical Temple.
  6633 | Temple   | Entered the Ecumenical Temple
  7090 | Temple   | Became a worshipper of Sif Muna the Loreminder
  7185 | D:7      | Noticed Prince Ribbit
  7189 | D:7      | Killed Prince Ribbit
  7190 | D:7      | Reached XP level 9. HP: 69/69 MP: 2/16
  7241 | D:7      | Reached skill level 8 in Poison Magic
  7325 | D:7      | Reached * piety under Sif Muna
  7326 | D:7      | Received a gift from Sif Muna
  7340 | D:7      | Reached skill level 5 in Conjurations
  7395 | D:7      | Identified the +4 dagger of Enweroko {venom, rC- MP+9 Str+7
                  | Dex-2}
  7419 | D:7      | Found a stormy altar of Qazlal.
  7517 | D:7      | Reached skill level 9 in Poison Magic
  7730 | D:7      | Found Citywne's Book Boutique.
  7885 | D:7      | Reached ** piety under Sif Muna
  8331 | D:8      | Found a portal to a secret trove of treasure.
  8479 | D:8      | Reached skill level 10 in Poison Magic
  8524 | D:8      | Found a shadowy altar of Dithmenos.
  8563 | D:8      | Noticed Harold
  8582 | D:8      | Killed from afar by Harold

Skill      XL: |  1  2  3  4  5  6  7  8  9 |
---------------+----------------------------+-----
Fighting       | 2 3 |  3.0
Poison Magic   | 4 5 7 10 | 10.0
Spellcasting   | 4 5 |  5.9
Summonings     | 3 |  3.0
Conjurations   | 4 5 |  5.0
Evocations     | 5 |  5.0
Dodging        | |  1.9
Stealth        | |  2.0

Action                   |  1- 3 |  4- 6 |  7- 9 || total
-------------------------+-------+-------+-------++-------
Melee: Dagger            |   158 |   234 |    60 ||   452
       Unarmed           |     1 |       |       ||     1
       Tailslap          |    22 |    31 |    24 ||    77
       Morningstar       |       |     9 |       ||     9
       Flail             |       |       |    74 ||    74
       War axe           |       |       |    16 ||    16
 Fire: Hunting sling     |     4 |    28 |    26 ||    58
 Cast: Sting             |    25 |    56 |    27 ||   108
       Poisonous Vapours |     1 |    22 |    47 ||    70
       Olgreb's Toxic Ra |       |     2 |    24 ||    26
       Ignite Poison     |       |       |    11 ||    11
       Summon Scorpions  |       |       |     9 ||     9
       Sticks to Snakes  |       |       |     5 ||     5
 Abil: Breathe Steam     |       |       |     6 ||     6
  Use: Scroll            |     3 |       |     6 ||     9
       Potion            |       |     1 |       ||     1
 Stab: Sleeping          |     3 |     1 |     1 ||     5
       Distracted        |       |       |     1 ||     1
  Eat: Chunk             |     6 |    10 |    30 ||    46
       Ration            |       |     2 |     1 ||     3
Armor: Skin              |    55 |   108 |    93 ||   256
Dodge: Dodged            |   116 |   151 |   123 ||   390
